AoeStats
← Smoke-Da-Politz

Arabia

509320644Analyzed
1v1 RM · 6d ago on Sep 26, 2026· 31m 20s· 2 players
Game mode
Random Map
Map size
Tiny (2 player)
Population
200
Speed
Normal
Resources
Standard
Victory
Conquest
Starting age
Dark Age
Ending age
Imperial Age
RankedLock teamsTeams togetherTeam positionsShared explorationLock speedFull tech treeHidden civsTurbo modeCheats
Victory
Defeat
🇩🇪 Mongols · Germany
1034
+16
🇫🇷 Shu · France
1029
-16
Smoke-Da-Politz
7:19 Loom
9:22 Feudal Age
12:44 Double-Bit Axe
16:16 Horse Collar
17:35 Gold Mining
19:10 Wheelbarrow
22:21 Castle Age
24:21 Scale Mail Armor
23:59 Pikeman
25:18 Bow Saw
26:54 Fletching
28:20 Bodkin Arrow
29:58 Squires
31:04 Forging
31:15 Chain Mail Armor
KlausImHaus
5:32 Loom
7:20 Feudal Age
11:48 Double-Bit Axe
21:28 Castle Age
19:55 Scale Barding Armor
20:52 Forging
20:42 Gold Mining
20:38 Horse Collar
22:20 Bloodlines
25:15 Chain Barding Armor
26:26 Wheelbarrow
28:32 Husbandry
29:11 Stone Mining
29:34 Bow Saw
30:46 Hand Cart
31:48 Stone Shaft Mining
Connection lost

Rejoining the realm…

Still unreachable

The connection could not be restored.

Session expired

The server has moved on; the page needs a fresh start.